 Dungeon Crawl Stone Soup version 0.29.1-12-g30fa7ad0bf (webtiles) character file.

Game seed: 5503086202818288343

128 ThatPearl the Sneak (level 4, -2/22 HPs)
             Began as a Spriggan Enchanter on Jan 3, 2023.
             Slain by Natasha (5 damage)
             ... on level 2 of the Dungeon on Jan 4, 2023.
             The game lasted 00:09:33 (2692 turns).

ThatPearl the Sneak (Spriggan Enchanter)            Turns: 2692, Time: 00:09:34

Health: -2/22      AC:  2    Str:  4    XL:     4   Next: 86%
Magic:  7/9        EV: 18    Int: 18    God:
Gold:   81         SH:  0    Dex: 15    Spells: 4/8 levels left

rFire   . . .      SeeInvis +   a - +1 dagger
rCold   . . .      Faith    .   (no shield)
rNeg    . . .      Spirit   .   b - +0 robe
rPois   .          Reflect  .   (helmet restricted)
rElec   .          Harm     .   (no cloak)
rCorr   .          Rampage  .   (gloves unavailable)
Will    .....                   (boots unavailable)
Stlth   +++.......              (no amulet)
HPRegen 0.07/turn               (no ring)
MPRegen 0.11/turn               (no ring)

@: very quick
A: very small, no large weapons, unfitting armour, see invisible, speed 3
a: no special abilities


You were on level 2 of the Dungeon.
You visited 1 branch of the dungeon, and saw 2 of its levels.

You collected 81 gold pieces.

Inventory:

Hand Weapons
 a - a +1 dagger (weapon)
 h - a +0 sling
 s - a +0 spear
Missiles
 g - 20 stones (quivered)
 m - 6 atropa-tipped darts
Armour
 b - a +0 robe (worn)
Scrolls
 i - a scroll of butterflies {unknown}
 k - a scroll of torment {unknown}
 l - a scroll of teleportation {unknown}
 n - a scroll of acquirement {unknown}
 o - a scroll of identify {unknown}
 p - a scroll of immolation {unknown}
 r - a scroll of fear {unknown}
 t - a scroll of poison {unknown}
Potions
 c - 4 potions of invisibility
 d - a potion of flight {unknown}
 e - a potion of degeneration {unknown}
 f - 2 potions of curing {unknown}
 j - a potion of mutation {unknown}
 q - a potion of magic {unknown}


   Skills:
 + Level 1.4 Fighting
 + Level 2.4 Short Blades
 + Level 4.0 Dodging
 + Level 5.5 Stealth
 - Level 2.6 Spellcasting
 + Level 4.3 Hexes


You had 4 spell levels left.
You knew the following spells:

 Your Spells              Type           Power      Damage    Failure   Level
b - Ensorcelled Hibernat  Hex/Ice        20%        N/A       11%         2
c - Blink                 Tloc           4%         N/A       26%         2

Your spell library contained the following spells:

 Spells                   Type           Power      Damage    Failure   Level
 Confusing Touch          Hex            17%        N/A       9%          3
 Tukima's Dance           Hex            17%        N/A       9%          3
 Dazzling Flash           Conj/Hex       20%        N/A       22%         3
 Lesser Beckoning         Tloc           2%         N/A       45%         3
 Manifold Assault         Tloc           2%         N/A       99%         5


Dungeon Overview and Level Annotations

Branches:
Dungeon (2/15)

Altars:

Annotations:
D:2 Natasha


Innate Abilities, Weirdness & Mutations

You are very small and have problems with some larger weapons.
You are too small for most types of armour.
You have supernaturally acute eyesight. (SInv)
You cover ground extremely quickly. (Speed+++)


Message History

Press: ? - help, Q - select action, (/) - cycle Shift-Dir - straight line, f/p - Natasha
Aim: Natasha (50% to hit)
You throw a poisoned dart. The poisoned dart hits Natasha.
Natasha is poisoned.
Throw: dart (poison)
Press: ? - help, Q - select action, (/) - cycle Shift-Dir - straight line, f/p - Natasha
Aim: Natasha (lightly wounded, poisoned, 50% to hit)
You throw a poisoned dart. The poisoned dart hits Natasha.
Natasha is lightly wounded.
Natasha growls.
Natasha claws you.
You closely miss Natasha.
Natasha is heavily wounded.
Natasha completely misses you.
You hit Natasha but do no damage.
Natasha is heavily wounded.
Natasha mumbles some strange words.
You closely miss Natasha.
Natasha is severely wounded.
You closely miss Natasha.
Natasha is severely wounded.
Natasha looks more healthy.
Natasha barely misses you.
You hit Natasha.
Natasha is almost dead.
The white imp closely misses you. Natasha closely misses you.
You hit Natasha.
Natasha is almost dead.
The white imp gestures at you. The puff of frost hits you!
Natasha howls an incantation.
Natasha shimmers violently.
Natasha claws you!
* * * LOW HITPOINT WARNING * * *
Casting: Ensorcelled Hibernation (safe; 11% risk of failure)
Confirm with . or Enter, or press ? or * to list all spells.
Aiming: Ensorcelled Hibernation (safe; 11% risk of failure)
Press: ? - help, Shift-Dir - straight line, f/p - Natasha
Aim: Natasha (almost dead, chance to affect: 44%) Natasha resists with some effort.
The white imp closely misses you. Natasha claws you.
You die...

##.#..^......................#.##
##.#..#..#...................#.##
##.#..#...........###.#......#...
.............................####
.#.......#......................)
.#.#.............................
.####.#####........##.#......##.#
.####.#####....#...##.#.#........
....).....)....h@................
.###.######(((.5.................
..........)....<...............>.
.###.###.........................
.###.###.##.#.##.#.###.###.......
.#.....#.##.#.##...###.###.......
...###.#.##.#...........##.......
.#.# #.#................'....####
.#.###.#.####....#.#....##.......


You could see Natasha and a white imp (summoned).

Vanquished Creatures
  Natasha (twice) (D:2)
  4 gnolls (D:2)
  An adder (D:2)
  2 worms (D:2)
  4 ball pythons
  2 endoplasms
  A giant cockroach (D:1)
  4 hobgoblins
  2 jackals (D:1)
  2 kobolds (D:2)
  A bat (D:2)
  2 frilled lizards (D:2)
  A goblin (D:2)
28 creatures vanquished.

Notes
Turn   | Place    | Note
-------+----------+-------------------------------------------
     0 | D:1      | ThatPearl the Spriggan Enchanter began the quest for the
                  | Orb.
     0 | D:1      | Reached XP level 1. HP: 9/9 MP: 5/5
   496 | D:1      | Found a faded altar of an unknown god.
   496 | D:1      | Noticed a smoke demon
   681 | D:1      | Reached XP level 2. HP: 14/14 MP: 6/6
   684 | D:1      | Learned a level 2 spell: Ensorcelled Hibernation
  1005 | D:2      | Learned a level 2 spell: Blink
  1845 | D:2      | Reached XP level 3. HP: 17/17 MP: 2/8
  1951 | D:2      | Reached skill level 5 in Stealth
  2287 | D:2      | Reached skill level 1 in Fighting
  2474 | D:2      | Reached XP level 4. HP: 22/22 MP: 6/9
  2511 | D:2      | Noticed Natasha
  2515 | D:2      | Killed Natasha
  2532 | D:2      | Noticed Natasha
  2563 | D:2      | Killed Natasha
  2679 | D:2      | Noticed Natasha
  2692 | D:2      | Slain by Natasha

Illustrated notes

Levels and vault maps discovered:
D:1:      minmay_arrival_three_doors, layout_rooms,
          dreamdust_ecumenical_altar_sealed_demon, minmay_misc_feat_tower
D:2:      layout_basic, roderic_malta_cross, uniq_natasha

Skill      XL: |  1  2  3  4 |
---------------+-------------+-----
Dodging        | 3 4 |  4.0
Stealth        | 5 |  5.5
Fighting       | 1 |  1.4
Short Blades   | 2 |  2.4
Hexes          | 4 |  4.3
Spellcasting   | |  2.6

Action                   |  1- 3 |  4- 6 || total
-------------------------+-------+-------++-------
Melee: Dagger            |    85 |    18 ||   103
Throw: Dart              |       |     3 ||     3
 Cast: Ensorcelled Hiber |    11 |     6 ||    17
 Stab: Distracted        |     1 |       ||     1
       Sleeping          |    11 |     3 ||    14
Armor: Robe              |     5 |       ||     5
Dodge: Dodged            |    63 |    15 ||    78
